 Dungeon Crawl Stone Soup version 0.24.0-123-gd5b16e6ec5 (webtiles) character file.

Game seed: 2666948418515213781, levelgen mode: deterministic

1024 FishyPogo the Cutter (level 8, -2/46 HPs)
             Began as a Halfling Hunter on Dec 26, 2019.
             Was a Believer of Hepliaklqana.
             Slain by Menkaure (19 damage)
             ... on level 5 of the Dungeon.
             The game lasted 00:25:48 (4524 turns).

FishyPogo the Cutter (Halfling Hunter)              Turns: 4524, Time: 00:25:49

Health: -2/46      AC:  4    Str: 14    XL:     8   Next: 46%
Magic:  8/8        EV: 18    Int:  9    God:    Hepliaklqana [**....]
Gold:   275        SH:  0    Dex: 16    Spells: 7/7 levels left

rFire    . . .     SeeInvis .   a - +3 dagger (venom)
rCold    . . .     Gourm    .   (shield restricted)
rNeg     . . .     Faith    .   c - +0 leather armour
rPois    .         Spirit   .   (no helmet)
rElec    .         Reflect  .   r - +0 cloak
rCorr    .         Harm     .   (no gloves)
MR       .....                  (no boots)
Stlth    ++........             k - amulet of the acrobat
HPRegen  0.15/turn              (no ring)
MPRegen  0.11/turn              (no ring)

@: no status effects
A: small, reduced essence, mutation resistance 1
a: Recall Ancestor, Ancestor Identity, Renounce Religion


You were on level 5 of the Dungeon.
You worshipped Hepliaklqana.
Hepliaklqana was pleased with you.
You were not hungry.

You visited 2 branches of the dungeon, and saw 6 of its levels.
You also visited: Sewer.

You collected 275 gold pieces.

Inventory:

Hand Weapons
 a - a +3 dagger of venom (weapon)
 b - a +1 hunting sling
Missiles
 d - 35 sling bullets
 h - 160 stones
 m - 4 boomerangs (quivered)
Armour
 c - a +0 leather armour (worn)
 r - a +0 cloak (worn)
Jewellery
 g - an uncursed ring of protection from magic
 k - an amulet of the acrobat (around neck)
Wands
 w - a wand of iceblast (5)
Scrolls
 e - 2 scrolls of magic mapping
 j - 4 scrolls of identify
 l - 3 scrolls of teleportation {unknown}
 n - a scroll of fear {unknown}
 u - a scroll of enchant armour {unknown}
 v - a scroll of blinking {unknown}
 y - a scroll of remove curse {unknown}
Potions
 i - 2 potions of curing
 o - 2 potions of magic
 p - 4 potions of brilliance
 q - 2 potions of might
 s - a potion of flight {unknown}
 t - a potion of resistance {unknown}
 x - a potion of lignification {unknown}
 z - a potion of heal wounds {unknown}
Comestibles
 f - 8 rations
 A - a chunk of flesh


   Skills:
 + Level 3.3 Fighting
 - Level 7.0 Short Blades
 - Level 6.0 Slings
 + Level 3.1 Armour
 + Level 6.0 Dodging
 - Level 2.0 Stealth


You had 7 spell levels left.
You didn't know any spells.
Your spell library was empty.

Dungeon Overview and Level Annotations

Branches:
Dungeon (5/15)             Temple (1/1) D:4           Sewer (visited)

Altars:
Ashenzari
Cheibriados
Dithmenos
Elyvilon
Fedhas
Gozag
Hepliaklqana
Nemelex Xobeh
Okawaru
Qazlal
Ru
Sif Muna
Trog
Uskayaw
Wu Jian
Yredelemnul
The Shining One

Annotations:
D:5 Menkaure


Innate Abilities, Weirdness & Mutations

You are small and have problems with some larger weapons.
You are somewhat resistant to further mutation.
Your life essence is reduced to manifest your ancestor. (-10% HP)


Message History

Gang up on whom?
Press: ? - help, Dir - move target cursor, f - Menkaure
Aim: Menkaure Attack!
Menkaure calls on the powers of darkness!
Your body is wracked with pain!
An ogre comes into view. It is wielding a +0 giant club.
The orc shouts!
The ogre shouts!
You hear an angry hiss.
Found 17 bolts, a granite ring and a broad axe.
The iguana hisses angrily.
You hit Menkaure.
Menkaure is lightly damaged.
Vusi barely misses Menkaure.
Menkaure hits you!
You hit Menkaure.
Menkaure is lightly damaged.
Vusi hits Menkaure with a +0 dagger of draining.
You hit Menkaure.
Menkaure is moderately damaged.
Menkaure hits you!!
You die...

.# . #..##'#...#### #
.##=.lO(...)## ###
.####oo.####.. ..
.#.##o##.#..# . ..#
#...# ...#a#..... # #.#
#...# #.##o##..# ###.#
#...####RM###..### ....#
#........@.#......
.##.####....####....####
.#.................##
<..................#
#(...(..)........#.#
##..##(#)....###.#.#
#...##.#.........#.#
.#####.#...#.#####.# ##
#.#...#.# #..


You could see the friendly Vusi the hexer, an ogre, Menkaure, an iguana, a
worker ant, an orc priest, an orc wizard and 2 orcs.

Vanquished Creatures
  Sigmund (D:2)
  Purgy (Sewer)
  An ogre (D:3)
  A centaur (D:5)
  An orc priest (D:4)
  3 orc wizards
  Natasha (twice) (D:3)
  An iguana (D:4)
  3 worker ants (D:4)
  A gnoll (D:3)
  7 adders
  A river rat (D:4)
  An ooze (D:2)
  3 worms
  2 dart slugs (D:3)
  4 leopard geckos
  8 orcs
  3 bats
  5 giant cockroaches
  12 hobgoblins
  8 kobolds
  3 quokkas
  10 frilled lizards
  13 goblins
  7 rats
102 creatures vanquished.

Vanquished Creatures (collateral kills)
  A quasit (D:5)
  Natasha (D:3)
  Robin (D:3)
  2 gnolls (D:3)
  3 adders (D:3)
  An ooze (D:3)
  A worm (D:4)
  A leopard gecko (D:3)
  5 orcs
  A giant cockroach (D:2)
  6 goblins (D:3)
  2 hobgoblins (D:3)
  A kobold (D:2)
  A ball python (D:2)
  2 frilled lizards
  2 rats (D:4)
31 creatures vanquished.

Vanquished Creatures (others)
  3 ancestors
  3 withered plants (D:5)
6 creatures vanquished.

Grand Total: 139 creatures vanquished

Notes
Turn   | Place    | Note
-------+----------+-------------------------------------------
     0 | D:1      | FishyPogo the Halfling Hunter began the quest for the Orb.
     0 | D:1      | Reached XP level 1. HP: 14/14 MP: 1/1
   132 | D:2      | Reached XP level 2. HP: 19/19 MP: 2/2
   137 | D:2      | Reached skill level 1 in Short Blades
   169 | D:2      | Noticed Sigmund
   296 | D:1      | Reached XP level 3. HP: 17/24 MP: 3/3
   536 | D:2      | Reached skill level 2 in Short Blades
   695 | D:2      | Reached XP level 4. HP: 29/29 MP: 4/4
   839 | D:4      | Found a staircase to the Ecumenical Temple.
   847 | Temple   | Entered the Ecumenical Temple
   980 | Temple   | Became a worshipper of Hepliaklqana the Forgotten
  1023 | D:4      | Reached skill level 3 in Short Blades
  1092 | D:4      | Reached XP level 5. HP: 15/30 MP: 5/5
  1099 | D:4      | Reached skill level 4 in Short Blades
  1159 | D:4      | Reached XP level 6. HP: 19/35 MP: 6/6
  1313 | D:4      | Found a glowing drain.
  1333 | Sewer    | Entered a sewer
  1354 | Sewer    | Noticed Purgy
  1383 | Sewer    | Killed Purgy
  1383 | Sewer    | Reached skill level 5 in Short Blades
  1698 | D:3      | Noticed Robin
  1725 | D:3      | Killed Robin
  1755 | D:3      | Noticed an ogre
  2538 | D:2      | Reached XP level 7. HP: 37/40 MP: 7/7
  2847 | D:2      | Killed Sigmund
  2847 | D:2      | Reached skill level 6 in Short Blades
  2881 | D:3      | Reached skill level 7 in Short Blades
  2881 | D:3      | Reached skill level 5 in Dodging
  2964 | D:3      | Reached skill level 1 in Armour
  2991 | D:3      | Reached * piety under Hepliaklqana
  3083 | D:3      | Noticed Natasha
  3091 | D:3      | Killed Natasha
  3145 | D:3      | Reached XP level 8. HP: 43/45 MP: 8/8
  3331 | D:3      | Noticed Natasha
  3344 | D:3      | Killed Natasha
  3576 | D:3      | Noticed Natasha
  3586 | D:3      | Killed Natasha
  3624 | D:4      | Found an opulent altar of Gozag.
  4318 | D:5      | Entered Level 5 of the Dungeon
  4363 | D:5      | Reached ** piety under Hepliaklqana
  4364 | D:5      | Remembered your ancestor Vusi as a hexer
  4517 | D:5      | Noticed Menkaure
  4524 | D:5      | Slain by Menkaure

Levels and vault maps discovered:
D:1:      shiori_shiawase, layout_rooms
D:2:      layout_basic, minmay_statues_item, uniq_sigmund
D:3:      layout_loops_ring, first_ration, uniq_natasha, uniq_robin
D:4:      layout_basic, nicolae_gozag_seed_capital, temple_statues,
          lightli_sewer_entry_pipes
D:5:      layout_loops_cross, kiku_gazebo_garden_becter, basic_altar,
          minmay_fractal_squares_gapless_5, uniq_menkaure
Temple:   regret_index_temple_sphere_string

Skill      XL: |  1  2  3  4  5  6  7  8 |
---------------+-------------------------+-----
Slings         | 6 |  6.0
Short Blades   | 1 2 3 4 5 7 |  7.0
Fighting       | 2 3 |  3.3
Stealth        | 2 |  2.0
Dodging        | 3 4 5 6 |  6.0
Armour         | 1 3 |  3.1

Action                   |  1- 3 |  4- 6 |  7- 9 || total
-------------------------+-------+-------+-------++-------
Melee: Short sword       |    18 |       |       ||    18
       Dagger            |    48 |   132 |    93 ||   273
 Fire: Hunting sling     |    13 |    49 |    23 ||    85
Throw: Boomerang         |       |     2 |     1 ||     3
Invok: Recall Ancestor   |       |     3 |       ||     3
       Ancestor Life: He |       |       |     1 ||     1
  Use: Scroll            |       |     6 |       ||     6
       Potion            |       |     1 |       ||     1
 Stab: Sleeping          |     3 |     2 |     1 ||     6
  Eat: Chunk             |       |     5 |     7 ||    12
Armor: Leather armour    |    11 |    19 |     3 ||    33
Dodge: Dodged            |    39 |   104 |    48 ||   191
